 Dungeon Crawl Stone Soup version 0.31-a0-263-ge8cad7f256 (webtiles) character file.

Game seed: 2654094524144321932

74 qw the Shooter (level 4, -1/36 HPs)
             Began as a Minotaur Hexslinger on July 13, 2023.
             Slain by a goblin
             ... wielding a +0 club
             ... led by Robin
              (2 damage)
             ... on level 3 of the Dungeon.
             The game lasted 00:00:32 (1236 turns).

qw the Shooter (Minotaur Hexslinger)                Turns: 1236, Time: 00:00:33

Health: -1/36      AC:  4    Str: 12    XL:     4   Next: 9%
Magic:  4/4        EV: 12    Int: 10    God:
Gold:   27         SH:  0    Dex: 15    Spells: 4/5 levels left

rFire   . . .        Y - +2 sling
rCold   . . .        (no shield)
rNeg    + . .        i - +0 leather armour
rPois   .            (helmet restricted)
rElec   .            (no cloak)
rCorr   .            (no gloves)
SInv    .            j - +0 pair of boots
Will    .....        (no amulet)
Stlth   +            e - ring of positive energy
HPRegen 0.26/turn    (no ring)
MPRegen 0.09/turn

%: no passive effects
@: no status effects
A: horns 2, retaliatory headbutt
a: no special abilities


You were on level 3 of the Dungeon.
You visited 1 branch of the dungeon, and saw 3 of its levels.

You collected 115 gold pieces.
You spent 88 gold pieces at shops.


Innate Abilities, Weirdness & Mutations

You have a pair of horns on your head.
You reflexively headbutt those who attack you in melee.


   Skills:
 - Level 2.0 Fighting
 + Level 4.6 Ranged Weapons
 - Level 2.1 Dodging
 - Level 1.0 Spellcasting
 - Level 2.0 Hexes


You had 4 spell levels left.
You knew the following spells:

 Your Spells              Type           Power      Damage    Failure   Level
a - Slow                  Hex            16%        N/A       19%         1

Your spell library contained the following spells:

 Spells                   Type           Power      Damage    Failure   Level
 Inner Flame              Hex/Fire       2%         N/A       65%         3
 Portal Projectile        Hex/Tloc       4%         N/A       65%         3
 Cause Fear               Hex            2%         N/A       88%         4

Inventory:

Hand Weapons
 Y - a +2 sling (weapon)
Armour
 b - a +2 pair of gloves
 i - a +0 leather armour (worn)
 j - a +0 pair of boots (worn)
Jewellery
 e - a ring of positive energy (left hand)
Scrolls
 a - a scroll of identify
 h - 4 scrolls of teleportation
 l - a scroll of brand weapon {unknown}
Potions
 c - a potion of lignification {unknown}
 d - a potion of magic {unknown}
 f - 2 potions of curing
 g - a potion of enlightenment
 k - a potion of haste

Dungeon Overview and Level Annotations

Branches:
Dungeon (3/15)

Altars:

Shops:
D:3 !

Annotations:
D:3 Robin


Message History

Robin of the Strong Arm comes into view.
They are wielding a +0 mace of protection.
The goblin shoots a sling bullet.
The sling bullet barely misses you.
You shoot a sling bullet.
The sling bullet closely misses the hobgoblin.
A hobgoblin comes into view.
The goblin shoots a sling bullet.
The sling bullet hits you.
Robin says, "Bow before me, strongest of all the hobgoblins!"
You shoot a sling bullet. The sling bullet hits the hobgoblin!
You kill the hobgoblin!
The goblin shoots a sling bullet.
The sling bullet closely misses you.
A hobgoblin comes into view.
You hear a shout!
You shoot a sling bullet. The sling bullet hits the goblin!
You kill the goblin!
The hobgoblin closely misses you.
A goblin comes into view. It is wielding a +0 dagger.
Robin roars a battlecry!
The goblins go into a battle-frenzy!
You shoot a sling bullet. The sling bullet hits the hobgoblin!
You kill the hobgoblin!
The goblin shoots a sling bullet.
The sling bullet hits you but does no damage.
You shoot a sling bullet.
The sling bullet barely misses the goblin.
The goblin misses you.
The goblin shoots a sling bullet.
The sling bullet misses you.
You shoot a sling bullet.
The sling bullet closely misses the goblin.
The goblin hits you with a +0 dagger.
The goblin shoots a sling bullet.
The sling bullet hits you.
You shoot a sling bullet. The sling bullet closely misses Robin.
The goblin hits you but does no damage. Robin throws the goblin at you!
The goblin hits you but does no damage. Robin throws the goblin at you!
You shoot a sling bullet.
The sling bullet hits Robin but does no damage.
The goblin unwields a +0 sling.
The goblin wields a +0 club.
The goblin hits you with a +0 club. The hobgoblin hits you.
The goblin hits you with a +0 dagger. The hobgoblin hits you.
Robin throws the goblin at you! The goblin hits you with a +0 club.
You die...

#### ######### #...##
#........
......##########........
...)...........#........
...)...........#........
#).ggg......#........
#..g@g......#........
.'....)%g...............
.###................)...
#....................
#.............)......
#...........######.#.
#.............#....#.
#.............#.####%
#.........#......


You could see Robin, 2 hobgoblins and 3 goblins.

Vanquished Creatures
  A gnoll (D:1)
  2 adders
  A worm (D:3)
  A dart slug (D:2)
  An orc (D:3)
  A ball python (D:2)
  6 endoplasms
  6 goblins
  7 hobgoblins
  A quokka (D:2)
  2 bats (D:1)
  A frilled lizard (D:1)
  3 kobolds
  4 rats
37 creatures vanquished.

Notes
Turn   | Place    | Note
-------+----------+-------------------------------------------
     0 | D:1      | qw the Minotaur Hexslinger began the quest for the Orb.
     0 | D:1      | Reached XP level 1. HP: 16/16 MP: 1/1
     0 | D:1      | 0 ||| qw: Version: 0.3-a-52-g30416fa
     0 | D:1      | 0 ||| qw: Game counter: 7211
     0 | D:1      | 0 ||| qw: Melee chars always use a shield: true
     0 | D:1      | 0 ||| qw: God list: Okawaru
     0 | D:1      | 0 ||| qw: Allow faded altars: false
     0 | D:1      | 0 ||| qw: Do Orc after clearing Dungeon:15 true
     0 | D:1      | 0 ||| qw: Do second Lair branch before Depths: true
     0 | D:1      | 0 ||| qw: Lair rune preference: random
     0 | D:1      | 0 ||| qw: Goals: Normal
     0 | D:1      | 0 ||| PLANNING D:1-11
    95 | D:1      | Reached skill level 3 in Ranged Weapons
    95 | D:1      | Reached XP level 2. HP: 9/23 MP: 2/2
   545 | D:1      | Found a faded altar of an unknown god.
   610 | D:1      | 610 ||| UPGRADING to +0 leather armour.
   620 | D:1      | 620 ||| DROPPING +0 robe.
   621 | D:1      | 621 ||| UPGRADING to +0 pair of boots.
   626 | D:1      | 626 ||| UPGRADING to ring of positive energy.
   627 | D:1      | 627 ||| READING 3 scrolls labelled ELLARPH KEDO.
   628 | D:1      | 628 ||| READING scroll labelled NIECRE WIANUR.
   629 | D:1      | 629 ||| READING 3 scrolls labelled MOF WAMOHEEJO.
   633 | D:1      | 633 ||| READING 2 scrolls of identify.
   633 | D:1      | 633 ||| IDENTIFYING sedimented pink potion
   634 | D:1      | 634 ||| DROPPING scroll of poison.
   635 | D:1      | 635 ||| DROPPING potion of invisibility.
   773 | D:2      | Reached XP level 3. HP: 29/29 MP: 3/3
   819 | D:2      | Reached skill level 4 in Ranged Weapons
  1051 | D:2      | 1051 ||| DROPPING scarf of harm.
  1052 | D:2      | 1052 ||| READING scroll labelled QAXIZOWKAMUNU.
  1053 | D:2      | 1053 ||| READING scroll labelled EMOGEE TEMINA.
  1054 | D:2      | 1054 ||| DRINKING 2 silvery potions.
  1055 | D:2      | 1055 ||| DRINKING 2 inky potions.
  1056 | D:2      | 1056 ||| READING 2 scrolls of identify.
  1056 | D:2      | 1056 ||| IDENTIFYING viscous blue potion
  1057 | D:2      | 1057 ||| DROPPING potion of brilliance.
  1175 | D:3      | Found Dutux's Distillery.
  1195 | D:3      | 1195 ||| BUYING potion of curing (33 gold).
  1195 | D:3      | Bought a potion of curing for 33 gold pieces
  1195 | D:3      | 1195 ||| BUYING potion of enlightenment (55 gold).
  1195 | D:3      | Bought a potion of enlightenment for 55 gold pieces
  1195 | D:3      | 1195 ||| SHOPLISTING potion of heal wounds (55 gold, have
                  | 27).
  1195 | D:3      | 1195 ||| SHOPLISTING potion of might (44 gold, have 27).
  1225 | D:3      | Reached XP level 4. HP: 25/36 MP: 4/4
  1228 | D:3      | Noticed Robin
  1236 | D:3      | HP: 8/36 [hobgoblin[Robin] (5)]
  1236 | D:3      | HP: 1/36 [hobgoblin[Robin] (5)]
  1236 | D:3      | Slain by a goblin

Levels and vault maps discovered:
D:1:      dpeg_arrival_rooms_c, layout_loops_ring,
          hellmonk_ecumenical_altar_inner_sanctum
D:2:      layout_rooms
D:3:      layout_basic, serial_shops, nicolae_shop_tiny_glass,
          nicolae_shop_tiny_statue_garden, shop, nicolae_shop_hallway_plus,
          chequers_serial_rivers_micro_e, uniq_natasha, uniq_robin

Skill      XL: |  1  2  3 |
---------------+----------+-----
Ranged Weapons | 3 4 |  4.6
Fighting       | 2 |  2.0
Dodging        | |  2.1
Spellcasting   | |  1.0
Hexes          | |  2.0

Action                     |  1- 3 |  4- 6 || total
---------------------------+-------+-------++-------
   Fire: Sling             |    98 |    12 ||   110
    Use: Scroll            |     7 |       ||     7
         Potion            |     2 |       ||     2
 Armour: Leather armour    |     7 |     4 ||    11
  Dodge: Dodged            |    10 |    11 ||    21

Table legend:
 A = Non-vault XP
 B = Vault XP
 C = Vault XP percentage of total XP
 D = Non-vault monster count
 E = Vault monster count
 F = Vault count percentage of total count
                 A         B        C        D         E       F
            +---------+---------+-------+---------+---------+-------
      Total |      93 |      13 |  12.3 |      30 |       7 |  18.9
            +---------+---------+-------+---------+---------+-------
        D:1 |      29 |       0 |   0.0 |      10 |       0 |   0.0
        D:2 |      39 |       0 |   0.0 |      15 |       0 |   0.0
        D:3 |      25 |      13 |  34.2 |       5 |       7 |  58.3
            +---------+---------+-------+---------+---------+-------
